 BcadrenCrawl: Boulder Brew version 0.06-240-gf756cca71e (webtiles) character file.

Game seed: 9652874733854003098, levelgen mode: deterministic

586 gruber the Magician (level 7, 1/36 HPs) Deep Elf Ice Elementalist. Began on Aug 14, 2022. Quit the game on level 2 of the Dungeon. The game lasted 00:07:39 (1738 turns).

gruber the Magician (Deep Elf Ice Elementalist)     Turns: 1738, Time: 00:07:40

Health: 1/36       AC:  2    Str:  5    XL:     7 ^: 588
Magic:  13/20      EV: 12    Int: 22    God:
Gold:   125        SH:  1    Dex: 15    Spells: 11/21 levels left

rFire    . . .     Slash    x   (no weapon)
rCold    . . .     Pierce   .   e - +0 sai
rNeg     . . .     Bludgeon .   a - +0 robe
rCorr    . . .     Vision   .   (no helmet)
rPois    .         Gourm    .   (no cloak)
rElec    .         Faith    .   b - +0 pair of clawed gauntlets
MR       .....     Spirit   .   (no boots)
HPRegen  0.22/turn Reflect  .   (no amulet)
MPRegen  0.30/turn Harm     .   (no ring)
Stlth    ++........             (no ring)

@: lethally poisoned (1 -> -9)
A: soft flesh
a: no special abilities


You were on level 2 of the Dungeon.
You were not hungry.

You visited 1 branch of the dungeon, and saw 2 of its levels.

You collected 125 gold pieces.

Inventory:

Shields
 e - a +0 sai (weapon)
Armour
 a - a +0 robe (worn)
 b - a +0 pair of clawed gauntlets (worn)
Jewellery
 f - a cursed ring of protection {(Curse: rC-)}
Scrolls
 i - a scroll of teleportation
Potions
 d - a potion of brilliance
Miscellaneous
 g - a lightning rod (1/4)
Comestibles
 c - 2 rations


   Skills:
 - Level 2.4 Dodging
 - Level 2.4 Stealth
 + Level 7.6 Spellcasting
 - Level 0.1 Charms
   Level 1.1 Summonings
 + Level 6.8 Ice Magic


You had 11 spell levels left.
You knew the following spells:

 Your Spells              Type           Power        Failure   Level  Hunger
a - Freeze                Ice            25 (25)      1%          1    0
b - Throw Frost           Ice            38 (50)      1%          2    0
c - Ozocubu's Armour Chrm/Ice 23 (100) 8% 3 0-11 d - Throw Icicle Ice            38 (100)     6%          4    31-131

Your spell library contained the following spells:

 Spells                   Type           Power        Failure   Level  Hunger
 Hailstorm Ice 38 (100) 6% 4 31-131 Summon Ice Beast Ice/Summ       25 (100)     21%         4    31-131


Dungeon Overview and Level Annotations

Branches:
Dungeon (2/8)

Altars:


Innate Abilities, Weirdness & Mutations

Your soft flesh is weak to deep cuts.
Heavy manmade armour will nullify this weakness. (rSlashing-)


Message History

There is a lethal amount of poison in your body!
Unknown command.
Okay, then.
Unknown command.
* * * LOW HITPOINT WARNING * * *
You feel sick. (1)
* * * LOW HITPOINT WARNING * * *
You feel sick. (2)
* * * LOW HITPOINT WARNING * * *
You feel sick. (2) All of the chunks of flesh in your inventory have rotted away.
* * * LOW HITPOINT WARNING * * *
You feel sick. (1)
* * * LOW HITPOINT WARNING * * *
You feel sick. (2)
* * * LOW HITPOINT WARNING * * *
You feel sick. (1) Unknown command.
Unknown command.
Are you sure you want to abandon this character and quit the game? (Confirm with "yes".)

≈≈.≈≈≈P.≈≈≈≈≈≈≈P.≈P≈.≈P.≈≈≈≈.##
≈.≈≈≈P..≈≈≈≈≈≈≈..P≈..P.......##
#######≈b..≈≈≈..#######≈#...≈#
#.≈≈..≈..###≈≈##†#...##≈#
#.≈≈≈≈≈≈.# #..#≈.†...≈##
##≈≈≈≈≈≈≈.# #<≈#≈.≈#≈#†≈#
#≈≈≈≈≈≈P≈†# ##P.≈#####≈≈##
##≈≈≈≈≈≈P†## #P.## ###..#
#≈≈≈≈≈P≈≈@# #### ##....#
#≈≈≈≈≈PP≈## #...### #≈≈≈.≈≈≈P#
#≈≈## #†≈...≈≈≈# ###..#
#?..≈≈≈≈≈# ##≈≈≈## #≈)≈≈≈≈≈≈#
##..≈≈# #≈≈≈≈≈b≈≈# #≈.####
#≈≈≈≈≈≈≈≈# ##†≈# #≈≈≈≈≈≈≈≈#
##≈.#


There were no monsters in sight!

Vanquished Creatures
  A water moccasin (D:2)
  2 big kobolds
  A jelly (D:2)
  3 giant cockroaches (D:2)
  2 adders (D:2)
  14 sewer rats (D:2)
  7 cinder newts
  A worm (D:2)
  An ooze (D:2)
  2 dart slugs (D:1)
  3 leopard geckos
  3 ball pythons (D:2)
  4 goblins (D:1)
  A hobgoblin (D:1)
  8 bats
  17 kobolds
  A kobold skeleton (D:2)
  5 rats (D:1)
  3 withered plants (D:2)
79 creatures vanquished.

Vanquished Creatures (others)
  3 slimeheads (D:2)
  41 withered plants (D:2)
44 creatures vanquished.

Grand Total: 123 creatures vanquished

Notes
Turn   | Place    | Note
-------+----------+-------------------------------------------
     0 | D:1      | gruber the Deep Elf Ice Elementalist began the quest for
                  | the Orb.
     0 | D:1      | Reached XP level 1. HP: 10/10 MP: 6/6
    30 | D:1      | Reached XP level 2. HP: 10/15 MP: 1/8
   128 | D:1      | Reached XP level 3. HP: 19/19 MP: 6/10
   450 | D:1      | Learned a level 2 spell: Throw Frost
   454 | D:1      | Learned a level 3 spell: Ozocubu's Armour
   652 | D:1      | Reached skill level 4 in Spellcasting
   820 | D:2      | Reached XP level 4. HP: 12/24 MP: 7/12
   884 | D:2      | Learned a level 4 spell: Throw Icicle
   993 | D:2      | Reached skill level 5 in Ice Magic
  1003 | D:2      | Reached skill level 5 in Spellcasting
  1005 | D:2      | Reached XP level 5. HP: 3/28 MP: 0/14
  1255 | D:1      | Reached skill level 6 in Spellcasting
  1255 | D:1      | Reached XP level 6. HP: 21/32 MP: 3/17
  1585 | D:2      | Reached skill level 7 in Spellcasting
  1657 | D:2      | Noticed a water moccasin
  1731 | D:2      | Killed a water moccasin
  1731 | D:2      | Reached XP level 7. HP: 11/36 MP: 10/20
  1737 | D:2      | HP: 1/36 [poisoned by a water moccasin]
  1738 | D:2      | Quit the game

Levels and vault maps discovered:
D:1:      sevenhm_arrival_forest_fort_large_4, layout_rooms
D:2:      layout_sewer, serial_shops, shop, minmay_misc_feat_tiny

Skill      XL: |  1  2  3  4  5  6 |
---------------+-------------------+-----
Ice Magic      | 4 5 6 |  6.8
Spellcasting   | 4 5 6 7 |  7.6
Dodging        | |  2.4
Stealth        | |  2.4
Charms         | |  0.1
Summonings     | |  1.1

Action                   |  1- 3 |  4- 6 |  7- 9 || total
-------------------------+-------+-------+-------++-------
Melee: Unarmed           |    15 |    16 |       ||    31
       Sai               |     9 |    15 |       ||    24
       Short sword       |     4 |       |       ||     4
 Cast: Freeze            |    42 |    65 |       ||   107
       Throw Frost       |       |     7 |       ||     7
       Ozocubu's Armour  |       |     5 |       ||     5
       Throw Icicle      |       |     1 |     1 ||     2
Evoke: Lightning rod     |       |     6 |       ||     6
 Stab: Sleeping          |     1 |       |       ||     1
  Eat: Chunk             |       |     3 |       ||     3
Armor: Robe              |    12 |    31 |       ||    43
Dodge: Dodged            |    12 |    25 |       ||    37
Block: Sai               |     2 |     5 |       ||     7
